 Dungeon Crawl Stone Soup version 0.28-a0-43-g560ac104fe (webtiles) character file.

Game seed: 10388413118700732387

8353 HAL9000 the Grappler (level 11, -5/89 HPs)
             Began as a Grey Draconian Transmuter on July 28, 2021.
             Was an Elder of Elyvilon.
             Slain by a skeletal warrior (11 damage)
             ... led by a skeletal warrior
             ... on level 10 of the Dungeon.
             The game lasted 00:25:27 (14953 turns).

HAL9000 the Grappler (Grey Draconian Transmuter)   Turns: 14953, Time: 00:25:28

Health: -5/89      AC: 14    Str: 19    XL:     11   Next: 8%
Magic:  14/14      EV: 19    Int: 16    God:    Elyvilon [****..]
Gold:   287        SH:  0    Dex: 12    Spells: 4/14 levels left

rFire   . . .      SeeInvis .     - Unarmed
rCold   . . .      Faith    .   (no shield)
rNeg    . . .      Spirit   .   (armour unavailable)
rPois   .          Reflect  .   (helmet restricted)
rElec   .          Harm     .   I - +0 cloak
rCorr   .          Rampage  .   a - +0 pair of gloves
Will    .....                   (no boots)
Stlth   +.........              M - amulet of magic regeneration
HPRegen 0.24/turn               K - +4 ring of evasion
MPRegen 0.39/turn               p - +6 ring of strength

@: wereblooded
A: AC +12, amphibious, unfitting armour, cold-blooded
a: Renounce Religion, Lesser Healing, Heal Other, Purification, Greater Healing,
Divine Protection


You were on level 10 of the Dungeon.
You worshipped Elyvilon.
Elyvilon was greatly pleased with you.
You visited 1 branch of the dungeon, and saw 11 of its levels.

You collected 547 gold pieces.
You spent 260 gold pieces at shops.

Inventory:

Hand Weapons
 D - the +5 war axe of Accord {vorpal, rF+}
   (You found it on level 7 of the Dungeon)

   It inflicts extra damage upon your enemies.
   rF:        It protects you from fire.
Missiles
 r - 2 throwing nets
 F - 2 javelins
 N - 7 poisoned darts
Armour
 a - a +0 pair of gloves (worn)
 I - a +0 cloak (worn)
 J - a +2 kite shield
Jewellery
 c - a ring of poison resistance
 p - a +6 ring of strength (right hand)
 y - a ring of flight
 z - a ring of resist corrosion
 A - a ring of willpower
 K - a +4 ring of evasion (left hand)
 M - an amulet of magic regeneration (around neck)
 O - a ring of protection from cold
Wands
 t - a wand of iceblast (4)
 x - a wand of flame (14)
 C - a wand of polymorph (20)
Scrolls
 e - 3 scrolls of teleportation
 g - 2 scrolls of silence {unknown}
 h - 2 scrolls of fog {unknown}
 i - a scroll of enchant weapon {unknown}
 o - a scroll of blinking {unknown}
 u - 2 scrolls of noise {unknown}
 v - 2 scrolls of fear {unknown}
 B - 2 scrolls of immolation {unknown}
 L - a scroll of enchant armour {unknown}
Potions
 b - 3 potions of flight
 d - 3 potions of brilliance
 f - 2 potions of mutation
 j - 5 potions of attraction
 l - a potion of haste
 m - a potion of berserk rage {unknown}
 n - a potion of cancellation {unknown}
 q - a potion of curing {unknown}
 s - 3 potions of might {unknown}
 w - a potion of ambrosia {unknown}
 E - 2 potions of degeneration {unknown}
 G - a potion of heal wounds {unknown}
 H - a potion of magic {unknown}
Miscellaneous
 k - a phial of floods


   Skills:
 - Level 6.1 Fighting
 - Level 8.4 Dodging
 - Level 9.5 Unarmed Combat
 - Level 2.0 Spellcasting
 - Level 7.3 Transmutations
 - Level 7.3 Poison Magic
 + Level 1.2 Invocations


You had 4 spell levels left.
You knew the following spells:

 Your Spells              Type           Power      Damage    Failure   Level
a - Beastly Appendage     Tmut           48%        N/A       1%          1
b - Wereblood             Tmut           24%        N/A       1%          2
c - Spider Form           Tmut/Pois      12%        N/A       3%          3
d - Olgreb's Toxic Radia  Pois           25%        N/A       10%         4

Your spell library contained the following spells:

 Spells                   Type           Power      Damage    Failure   Level
 Sting                    Tmut/Pois      100%       1d8       1%          1
 Poisonous Vapours        Pois/Air       26%        N/A       7%          2
 Apportation              Tloc           2%         N/A       21%         1
 Ice Form                 Ice/Tmut       13%        N/A       43%         4
 Alistair's Intoxication  Tmut/Pois      16%        N/A       28%         5
 Invisibility             Hex            0%         N/A       100%        6


Dungeon Overview and Level Annotations

Branches:
Dungeon (11/15)            Temple (0/1) D:7
   Lair: D:8-11         Orc: D:9-12

Altars:
Ashenzari
Cheibriados
Dithmenos
Elyvilon
Gozag
Nemelex Xobeh
Qazlal
Ru
Sif Muna
Trog
Vehumet
Yredelemnul

Shops:
D:5 :(   D:7 (*

Annotations:
D:8 1 runed translucent door, mokwee's ghost, novice OpVM


Innate Abilities, Weirdness & Mutations

Your dull iron-grey scales are very hard. (AC +12)
You are amphibious.
You cannot fit into any form of body armour.
You are cold-blooded and may be slowed by cold attacks.


Message History

You headbutt the skeletal warrior!
The skeletal warrior is severely damaged.
Your horns disappear.
Your talons disappear.
The skeletal warrior closely misses you.
You closely miss the skeletal warrior.
The skeletal warrior is heavily damaged.
The skeletal warrior hits you with a +0 war axe.
You hit the skeletal warrior but do no damage.
The skeletal warrior is heavily damaged.
The skeletal warrior hits you with a +0 war axe!
You completely miss the skeletal warrior.
The skeletal warrior is heavily damaged.
You barely miss the skeletal warrior.
The skeletal warrior is heavily damaged.
The skeletal warrior hits you with a +0 war axe!
* * * LOW HITPOINT WARNING * * *
You punch the skeletal warrior!
The skeletal warrior is severely damaged.
The skeletal warrior hits you with a +0 war axe!
* * * LOW HITPOINT WARNING * * *
You barely miss the skeletal warrior.
The skeletal warrior is severely damaged.
The skeletal warrior completely misses you.
You punch the skeletal warrior!
The skeletal warrior is almost destroyed.
The skeletal warrior closely misses you.
You hit the skeletal warrior but do no damage.
The skeletal warrior is almost destroyed.
You barely miss the skeletal warrior. You tail-slap the skeletal warrior.
The skeletal warrior is almost destroyed.
The skeletal warrior completely misses you.
You hit the skeletal warrior but do no damage.
The skeletal warrior is almost destroyed.
The skeletal warrior hits you with a +0 war axe!
* * * LOW HITPOINT WARNING * * *
You completely miss the skeletal warrior.
You tail-slap the skeletal warrior.
The skeletal warrior is almost destroyed.
The skeletal warrior hits you with a +0 war axe!
You die...

## #.....##...# #.# # #
#..........# #.# # #
#.....##...# #.# # #
#.....###.## #.# # ####### #.#
#.######## # #.# #........# #
#########.##############.# #
#........<...z...>...###.### #
#.####......@#######.#.....# ##
#.# #.......######....###.# .#
#.# #.................# #.# .#
#.# #.......######....###.# .#
#.####.......# ##........#
.####............#####.###.#####
..)...####...#####.....# #....#
.####.# ##.## #.....#.###.##[#
....[.# #.# ##.....##...###)#


You could see a skeletal warrior.

Vanquished Creatures
  2 two-headed ogres
  Pikel (D:7)
  Prince Ribbit (D:8)
  A shadow (D:11)
  A wraith (D:11)
  9 yaks (D:10)
  A wyvern (D:8)
  A steam dragon (D:9)
  4 vampire mosquitoes (D:10)
  An acid dragon (D:10)
  2 water moccasins
  An orc warrior (D:9)
  A sky beast (D:7)
  3 black bears
  A necrophage (D:5)
  2 ice beasts (D:5)
  5 ogres
  7 centaurs
  A lemure (D:6)
  A kobold brigand (D:9)
  A gnoll sergeant (D:9)
  4 bullfrogs
  3 scorpions
  2 water moccasin skeletons
  4 wights
  3 killer bees (D:9)
  A howler monkey (D:5)
  2 centaur zombies
  3 hounds
  5 centaur skeletons
  2 jellies (D:5)
  4 orc priests
  A gnoll shaman (D:5)
  2 iguanas
  3 orc wizards
  A killer bee zombie (D:6)
  2 howler monkey zombies
  13 gnolls
  3 howler monkey skeletons
  12 adders
  A shadow imp (D:5)
  3 white imps
  5 worms
  6 dart slugs
  16 orcs
  11 ball pythons
  10 endoplasms
  7 giant cockroaches
  4 goblins
  5 hobgoblins
  17 jackals
  A quokka (D:1)
  7 bats
  5 frilled lizards (D:1)
  6 kobolds
  8 rats
  A spectral orc (D:6)
230 creatures vanquished.

Vanquished Creatures (others)
  A fungus (D:8)
  3 plants (D:8)
4 creatures vanquished.

Grand Total: 234 creatures vanquished

Notes
Turn   | Place    | Note
-------+----------+-------------------------------------------
     0 | D:1      | HAL9000 the Draconian Transmuter began the quest for the
                  | Orb.
     0 | D:1      | Reached XP level 1. HP: 16/16 MP: 3/3
    44 | D:1      | Found a faded altar of an unknown god.
   394 | D:1      | Reached XP level 2. HP: 23/23 MP: 3/5
   724 | D:1      | Reached XP level 3. HP: 26/28 MP: 6/6
   729 | D:1      | Learned a level 2 spell: Wereblood
   733 | D:1      | Learned a level 3 spell: Spider Form
  1469 | D:2      | Reached XP level 4. HP: 35/35 MP: 5/7
  2526 | D:3      | Reached skill level 5 in Transmutations
  2710 | D:3      | Found a broken altar of Ashenzari.
  2728 | D:3      | Reached XP level 5. HP: 35/40 MP: 6/8
  3257 | D:4      | Noticed an ogre
  3422 | D:4      | Noticed an ogre
  3463 | D:3      | Killed an ogre
  3464 | D:3      | Reached XP level 6. HP: 23/47 MP: 6/9
  4029 | D:4      | Your scales start taking on a dull iron-grey colour.
  4029 | D:4      | Reached XP level 7. HP: 37/53 MP: 5/10
  4071 | D:4      | HP: 2/53 [orc priest/nerve-wracking pain (6)]
  4086 | D:5      | Entered Level 5 of the Dungeon
  4704 | D:4      | Reached skill level 4 in Unarmed Combat
  4718 | D:4      | Found a snail-covered altar of Cheibriados.
  4723 | D:4      | Found an opulent altar of Gozag.
  4723 | D:4      | Found a sacrificial altar of Ru.
  4736 | D:4      | Found a white marble altar of Elyvilon.
  4739 | D:4      | Found a radiant altar of Vehumet.
  4831 | D:4      | Became a worshipper of Elyvilon the Healer
  5093 | D:5      | Found Jeod's Weapon Shop.
  5208 | D:5      | Reached skill level 5 in Unarmed Combat
  5475 | D:5      | Reached * piety under Elyvilon
  5555 | D:5      | Reached XP level 8. HP: 61/66 MP: 9/11
  5578 | D:5      | Found a broken altar of Ashenzari.
  5589 | D:5      | Reached skill level 6 in Unarmed Combat
  5655 | D:5      | Found a sparkling altar of Nemelex Xobeh.
  5913 | D:5      | Reached skill level 7 in Unarmed Combat
  6131 | D:5      | Reached skill level 5 in Fighting
  6249 | D:5      | Found Jyin's Book Emporium.
  6430 | D:5      | Reached skill level 8 in Unarmed Combat
  7259 | D:6      | Reached ** piety under Elyvilon
  7388 | D:6      | Reached XP level 9. HP: 74/74 MP: 10/12
  7849 | D:6      | Reached skill level 9 in Unarmed Combat
  8193 | D:6      | Found a basalt altar of Yredelemnul.
  8973 | D:6      | Reached *** piety under Elyvilon
  8983 | D:6      | Found a shimmering blue altar of Sif Muna.
  9020 | D:7      | Found Keoc's Lightly-Used Armoury.
  9020 | D:7      | Noticed Pikel
  9079 | D:7      | Identified the +7 mace "Cacahoh" {vorpal, Str+7}
  9112 | D:7      | Identified the +5 war axe of Accord {vorpal, rF+}
  9311 | D:7      | Found Dywie's Antique Weapon Emporium.
  9366 | D:7      | Killed Pikel
  9367 | D:7      | Reached skill level 5 in Dodging
  9509 | D:7      | Found a staircase to the Ecumenical Temple.
 10726 | D:8      | Noticed Prince Ribbit
 10732 | D:8      | Killed Prince Ribbit
 10746 | D:8      | Reached XP level 10. HP: 83/83 MP: 11/13
 10783 | D:8      | Found a runed translucent door.
 10786 | D:8      | Identified the +2 trident of the Valley {vorpal, rElec
                  | rCorr}
 10788 | D:8      | Noticed mokwee's ghost (novice OpVM)
 10818 | D:8      | Noticed a two-headed ogre
 10825 | D:8      | Killed a two-headed ogre
 11085 | D:8      | Found a shadowy altar of Dithmenos.
 11085 | D:8      | Found a stormy altar of Qazlal.
 11776 | D:9      | Reached **** piety under Elyvilon
 12226 | D:5      | Bought a Young Poisoner's Handbook for 260 gold pieces
 12231 | D:5      | Learned a level 4 spell: Olgreb's Toxic Radiance
 12370 | D:10     | Entered Level 10 of the Dungeon
 12408 | D:10     | Noticed a two-headed ogre
 12431 | D:10     | Killed a two-headed ogre
 12796 | D:10     | Reached skill level 5 in Poison Magic
 13221 | D:10     | Reached XP level 11. HP: 83/89 MP: 14/14
 13690 | D:10     | Found a bloodstained altar of Trog.
 13725 | D:10     | Identified the +8 spear of the Inferno {pain, rC+ Str+4
                  | Int-4}
 13787 | D:11     | Noticed a skeletal warrior
 13787 | D:11     | Noticed a skeletal warrior
 13787 | D:11     | Noticed a skeletal warrior
 13787 | D:11     | Noticed a skeletal warrior
 13787 | D:11     | Noticed a skeletal warrior
 13788 | D:11     | Noticed a brown ugly thing
 14176 | D:11     | Reached skill level 1 in Invocations
 14953 | D:10     | Slain by a skeletal warrior

Illustrated notes

Levels and vault maps discovered:
D:1:      amcnicky_arrival_feature_with_door, layout_rooms,
          shapermc_ecumenical_altar_gd, st_stairs_2,
          chequers_serial_rivers_large_b
D:2:      layout_basic
D:3:      layout_loops_corners, ashenzari_altar_1, minmay_snake_closets
D:4:      layout_cave_pools, minmay_overflow_temple_star_hex, kennysheep_donut
D:5:      minmay_thinvault, layout_layer_cave, nemelex_dance_club_becter,
          serial_shops, shop_fountains, nicolae_shop_waterfront,
          kennysheep_diamond
D:6:      layout_basic, yredelemnul_forgotten_temple_becter,
          lemuel_blue_sif_altar
D:7:      layout_loops_ring, temple_green, nicolae_wooded_promenade,
          corexii_item_surrounded_by_moat, minmay_tree_intersection,
          minivault_5, chequers_serial_rivers_small_a, minmay_shop_damaged,
          uniq_pikel
D:8:      layout_rooms, gammafunk_temple_overflow_statue,
          ebering_ghost_funeral_grove, uniq_prince_ribbit1
D:9:      layout_loops_ring
D:10:     layout_loops_ring, tgw_trog
D:11:     layout_rooms, david_lair_generic

Skill      XL: |  1  2  3  4  5  6  7  8  9 10 11 |
---------------+----------------------------------+-----
Transmutations | 3 4 5 6 7 |  7.3
Fighting       | 4 5 6 |  6.1
Unarmed Combat | 5 8 9 |  9.5
Dodging        | 2 6 8 |  8.4
Poison Magic   | 6 7 |  7.3
Invocations    | 1 |  1.2
Spellcasting   | |  2.0

Action                   |  1- 3 |  4- 6 |  7- 9 | 10-12 || total
-------------------------+-------+-------+-------+-------++-------
Melee: Unarmed           |   154 |   188 |   364 |   258 ||   964
       Kick              |    24 |    33 |    72 |    49 ||   178
       Tailslap          |    19 |    15 |    49 |    46 ||   129
       Headbutt          |    14 |    18 |    59 |    43 ||   134
       Punch             |       |       |     9 |    12 ||    21
 Cast: Beastly Appendage |    18 |    35 |    46 |    24 ||   123
       Wereblood         |       |     2 |    12 |    10 ||    24
       Spider Form       |       |     2 |     4 |       ||     6
Evoke: Wand              |       |       |       |    10 ||    10
  Use: Scroll            |       |       |     4 |     3 ||     7
 Stab: Sleeping          |       |     3 |       |     1 ||     4
Armor: Skin              |    51 |    72 |   145 |    73 ||   341
Dodge: Dodged            |   110 |   138 |   283 |   171 ||   702

Table legend: (Time is in decaauts)
 A = Elapsed time spent in this place.
 B = Non-inter-level travel time spent in this place.
 C = Inter-level travel time spent in this place.
 D = Time resting spent in this place.
 E = Time spent auto-exploring this place.
 F = Levels seen in this place.
 G = Mean time per level.
                   A        B        C        D        E       F      G
               +--------+--------+--------+--------+--------+-----+--------+
         Total |  14910 |  13836 |   1074 |   3010 |   8540 |  11 | 1355.5 |
       Dungeon |  14910 |  13836 |   1074 |   3010 |   8540 |  11 | 1355.5 |
               +--------+--------+--------+--------+--------+-----+--------+

Top non-repeatable levels by time:
     D:5: 2825 daAuts
    D:10: 1973 daAuts
     D:6: 1625 daAuts
     D:3: 1572 daAuts
     D:7: 1266 daAuts
     D:8: 1241 daAuts
     D:9: 1214 daAuts
     D:4: 1155 daAuts
     D:2: 1105 daAuts
     D:1: 863 daAuts
    D:11: 66 daAuts
